 Dungeon Sprint DCSS version 0.30.1-11-g7821555f0a (webtiles) character file.

Game seed: 11211417716664210035

1925 Heoruswealwe the Impaler (level 8, 0/85 HPs)
             Began as a Minotaur Fighter on Oct 31, 2023.
             Was an Initiate of Gozag.
             Slain by a gnoll sergeant
             ... wielding a +2 spear of freezing
              (2 damage)
             ... in the Dungeon (Sprint IX: "|||||||||||||||||||||||||||||").
             The game lasted 00:04:32 (394 turns).

Heoruswealwe the Impaler (Minotaur Fighter)          Turns: 394, Time: 00:04:32

Health: 0/85       AC: 15    Str: 24    XL:     8   Next: 96%
Magic:  7/7        EV:  5    Int:  5    God:    Gozag
Gold:   576        SH:  0    Dex:  9    Spells: 7/7 levels left

rFire   . . .        b - +2 halberd (venom)
rCold   . . .        (shield currently unavailable)
rNeg    . . .        c - +1 scale mail
rPois   .            (helmet restricted)
rElec   .            h - +0 cloak
rCorr   .            (no gloves)
SInv    .            e - +0 pair of boots
Will    .....        (no amulet) Stlth
                     k - +2 ring of protection
HPRegen 0.34/turn    (no ring)
MPRegen 0.10/turn

%: no teleportation
@: petrifying, very slow
A: horns 2, retaliatory headbutt
a: Renounce Religion, Potion Petition, Call Merchant, Bribe Branch


You were in the Dungeon.
You worshipped Gozag.
Gozag was pleased with you.
You visited 1 branch You collected 576 gold pieces.

Inventory:

Hand Weapons
 a - a +0 trident
 b - a +2 halberd of venom (weapon)
Armour
 c - a +1 scale mail (worn)
 d - a +0 buckler
 e - a +0 pair of boots (worn)
 h - a +0 cloak (worn)
Jewellery
 k - a +2 ring of protection (left hand)
Wands
 l - a wand of iceblast (10)
Scrolls
 j - 2 scrolls of blinking
Potions
 g - a potion of haste
 i - a potion of berserk rage
 n - a potion of might


   Skills:
 + Level 12.5 Fighting
 * Level 16.8 Polearms
 + Level 12.6 Armour
 - Level 3.6 Shields


You had 7 spell levels left.
You didn't know any spells.
Your spell library was empty.

Dungeon Overview and Level Annotations

Branches:
Dungeon (1/1)

Altars:
Cheibriados
Dithmenos
Elyvilon
Fedhas
Gozag
Hepliaklqana
Kikubaaqudgha
Makhleb
Nemelex Xobeh
Okawaru
Qazlal
Ru
Sif Muna
Trog
Uskayaw
Vehumet
Wu Jian
Xom
Yredelemnul
Zin
The Shining One
Jiyva
Lugonu


Innate Abilities, Weirdness & Mutations

You have a pair of horns on your head.
You reflexively headbutt those who attack you in melee.


Message History

The catoblepas gores you. The catoblepas gores you!!
* * * LOW HITPOINT WARNING * * *
The gnoll sergeant hits you but does no damage.
The catoblepas gores you!
* * * LOW HITPOINT WARNING * * *
The gnoll sergeant hits you but does no damage.
The gnoll sergeant hits you but does no damage.
The catoblepas gores you!
* * * LOW HITPOINT WARNING * * *
The catoblepas gores you but does no damage.
The gnoll sergeant completely misses you.
The catoblepas breathes a plume of calcifying dust at you.
The blast of calcifying dust hits you but does no damage.
The gnoll sergeant hits you but does no damage.
You are engulfed in calcifying dust.
The catoblepas gores you!
* * * LOW HITPOINT WARNING * * *
The gnoll sergeant hits you from afar with a +2 spear of freezing.
* * * LOW HITPOINT WARNING * * *
The gnoll sergeant freezes you.
You are engulfed in calcifying dust.
The catoblepas gores you but does no damage.
The gnoll sergeant hits you but does no damage.
You turn to flesh and can move again.
You feel much better.
You are engulfed in calcifying dust.
You are slowing down.
The gnoll sergeant hits you from afar with a +2 spear of freezing.
* * * LOW HITPOINT WARNING * * *
The gnoll sergeant freezes you. The catoblepas gores you!!
* * * LOW HITPOINT WARNING * * *
You impale the catoblepas!!
The catoblepas looks as sick as possible!
You headbutt the catoblepas, but do no damage.
The catoblepas is heavily wounded.
You are engulfed in calcifying dust.
The catoblepas barely misses you.
The gnoll sergeant hits you from afar with a +2 spear of freezing!
* * * LOW HITPOINT WARNING * * *
The gnoll sergeant freezes you.
You die...
Your body crumbles into a pile of gold.

▓)▓
$
▓[▓
$
▓=▓
▓.▓
$
▓.▓
▓§▓
$
▓.▓
$
▓§▓
$
▓@▓
▓Y▓
$
▓g▓
$
▓Q▓
$ $
▓*▓
$
▓.▓
$
▓'▓
▓.▓
▓.▓


You could see a catoblepas (extremely poisoned), a tengu conjurer, a gnoll
sergeant and a battlesphere (distracted).

Vanquished Creatures
  A centaur warrior (D)
  A troll (D)
  A tarantella (shapeshifter) (D)
  A slime creature (D)
  A wraith (D)
  A yak (D)
  An acid dragon (D)
  A water moccasin (D)
  A kobold brigand (D)
  A gnoll sergeant (D)
  2 scorpions (D)
  A hound (D)
  An orc (D)
  A bat (D)
  An endoplasm (D)
  2 giant cockroaches (D)
  A kobold (D)
19 creatures vanquished.

Notes
Turn   | Place    | Note
-------+----------+-------------------------------------------
     0 | D        | Heoruswealwe the Minotaur Fighter began the quest for the
                  | Orb.
     0 | D        | Reached XP level 1. HP: 19/19 MP: 0/0
     4 | D        | Banished a spatial maelstrom
     9 | D        | Reached skill level 3 in Polearms
    15 | D        | Reached skill level 4 in Polearms
    34 | D        | Noticed a scorpion
    34 | D        | Noticed a hound
    34 | D        | Noticed a scorpion
    34 | D        | Noticed a water moccasin
    35 | D        | Killed a scorpion
    36 | D        | Reached skill level 5 in Fighting
    36 | D        | Reached skill level 6 in Polearms
    36 | D        | Reached skill level 5 in Armour
    36 | D        | Reached XP level 2. HP: 30/30 MP: 1/1
    36 | D        | Reached XP level 3. HP: 37/37 MP: 2/2
    38 | D        | Reached skill level 7 in Polearms
    38 | D        | Reached XP level 4. HP: 45/45 MP: 3/3
    39 | D        | Killed a scorpion
    40 | D        | Reached skill level 9 in Polearms
    40 | D        | Reached XP level 5. HP: 52/52 MP: 4/4
    47 | D        | Killed a water moccasin
    48 | D        | Reached skill level 10 in Polearms
    54 | D        | Found a snail-covered altar of Cheibriados.
    54 | D        | Found a shadowy altar of Dithmenos.
    54 | D        | Found a white marble altar of Elyvilon.
    54 | D        | Found a blossoming altar of Fedhas.
    54 | D        | Found an opulent altar of Gozag.
    55 | D        | Found a hazy altar of Hepliaklqana.
    56 | D        | Found a viscous altar of Jiyva.
    57 | D        | Found an ancient bone altar of Kikubaaqudgha.
    58 | D        | Found a corrupted altar of Lugonu.
    59 | D        | Found a burning altar of Makhleb.
    60 | D        | Found a sparkling altar of Nemelex Xobeh.
    61 | D        | Found an iron altar of Okawaru.
    62 | D        | Became a worshipper of Gozag Ym Sagoz the Greedy
    63 | D        | Found a stormy altar of Qazlal.
    64 | D        | Found a sacrificial altar of Ru.
    65 | D        | Found a shimmering blue altar of Sif Muna.
    66 | D        | Found a bloodstained altar of Trog.
    67 | D        | Found a hide-covered altar of Uskayaw.
    68 | D        | Found a radiant altar of Vehumet.
    69 | D        | Found an ornate altar of the Wu Jian Council.
    70 | D        | Found a shimmering altar of Xom.
    71 | D        | Found a basalt altar of Yredelemnul.
    72 | D        | Found a glowing silver altar of Zin.
    73 | D        | Found a glowing golden altar of the Shining One.
   140 | D        | Noticed a wraith
   140 | D        | Noticed a yak
   140 | D        | Noticed a troll
   140 | D        | Noticed an acid dragon
   149 | D        | Killed a wraith
   150 | D        | Reached skill level 12 in Polearms
   150 | D        | Reached XP level 6. HP: 19/63 MP: 5/5
   164 | D        | Killed a yak
   165 | D        | Reached skill level 10 in Fighting
   165 | D        | Reached skill level 13 in Polearms
   165 | D        | Reached skill level 10 in Armour
   165 | D        | Reached XP level 7. HP: 26/72 MP: 6/6
   173 | D        | Killed a troll
   174 | D        | Reached skill level 14 in Polearms
   180 | D        | Reached XP level 8. HP: 28/82 MP: 7/7
   343 | D        | Noticed a wind drake
   343 | D        | Noticed a centaur warrior
   343 | D        | Noticed a slime creature
   343 | D        | Noticed a tengu conjurer
   343 | D        | Noticed a catoblepas
   357 | D        | a wind drake changed into a tarantella
   357 | D        | Noticed a tarantella (shapeshifter)
   368 | D        | Killed a tarantella
   369 | D        | Reached skill level 15 in Polearms
   377 | D        | Killed a centaur warrior
   378 | D        | Reached skill level 16 in Polearms
   381 | D        | Killed a slime creature
   394 | D        | HP: 2/85 [gnoll sergeant/+2 spear of freezing (5)]
   394 | D        | Slain by a gnoll sergeant

Illustrated notes

Levels and vault maps discovered:
D:        linesprint [early_d, line_temple, items_1, d_10, items_2, lair_1,
          lair_end, items_3, orc_1, orc_end, items_4, d_15, swamp_1, shoals_1,
          snake_1, spider_1, d_20, vaults_1, items_5, swamp_end, shoals_end,
          snake_end, spider_end, vaults_end, d_27, items_6, zot_1, zot_end,
          crypt_end, forest_end, elf_end, slime_end, tomb_end, abyss_end,
          pan_hell_end]

Skill      XL: |  1  2  3  4  5  6  7  8 |
---------------+-------------------------+-----
Polearms       | 6 7 9 12 13 14 16 | 16.8
Fighting       | 5 6 7 9 10 11 12 | 12.5
Armour         | 5 6 7 9 10 11 12 | 12.6
Shields        | |  3.6

Action                     |  1- 3 |  4- 6 |  7- 9 || total
---------------------------+-------+-------+-------++-------
  Melee: Trident           |    13 |    10 |       ||    23
         Headbutt          |     1 |     3 |    12 ||    16
         Halberd           |       |    16 |    41 ||    57
    Use: Potion            |       |     6 |     2 ||     8
   Stab: Distracted        |       |       |     1 ||     1
 Armour: Scale mail        |     1 |     9 |    41 ||    51
  Dodge: Dodged            |     6 |    20 |     9 ||    35
